Workbook

Sheet Instrucciones
A1: Control de ingresos y gastos para autónomos
A2: numerosdeautonomo.com · Plantilla gratuita
A4: Cómo usarla
A5: 1. En la hoja "Ingresos", escribe una fila por cada factura que emitas. Rellena solo las celdas amarillas.
A6: 2. En la hoja "Gastos", escribe una fila por cada gasto de tu actividad con factura a tu nombre.
A7: 3. En la hoja "Resumen", escribe el año. Verás por trimestre tus ingresos, gastos, resultado e IVA estimado.
A8: 4. La primera fila de Ingresos y de Gastos es un ejemplo: sustitúyela por tus datos.
A10: Qué celdas tocar
A11: Amarillo: datos que escribes tú. Blanco: fórmulas, no las modifiques.
A12: Los porcentajes de IVA y de retención se escriben como 21%, 10%, 15%...
A13: Hay sitio para 200 filas en cada hoja.
A15: Límites
... A19: Antes de presentar un impuesto, contrasta tus cifras con la Agencia Tributaria o con tu asesor.

Sheet Ingresos
A1: Fecha | B1: Nº factura | C1: Cliente | D1: Concepto | E1: Base imponible (€) | F1: % IVA | G1: IVA (€) | H1: % Retención | I1: Retención (€) | J1: Total factura (€) | K1: ¿Cobrada?
A2: 46037 | B2: 2026-001 | C2: Cliente de ejemplo S.L. | D2: Diseño de logotipo | E2: 1000 | F2: 0.21 | G2: =E2*F2 | H2: 0.15 | I2: =E2*H2 | J2: =E2+G2-I2 | K2: Sí
G3: =E3*F3 | I3: =E3*H3 | J3: =E3+G3-I3
G4: =E4*F4 | I4: =E4*H4 | J4: =E4+G4-I4
G5: =E5*F5 | I5: =E5*H5 | J5: =E5+G5-I5
G6: =E6*F6 | I6: =E6*H6 | J6: =E6+G6-I6
G7: =E7*F7 | I7: =E7*H7 | J7: =E7+G7-I7
G8: =E8*F8 | I8: =E8*H8 | J8: =E8+G8-I8
G9: =E9*F9 | I9: =E9*H9 | J9: =E9+G9-I9
G10: =E10*F10 | I10: =E10*H10 | J10: =E10+G10-I10
G11: =E11*F11 | I11: =E11*H11 | J11: =E11+G11-I11
G12: =E12*F12 | I12: =E12*H12 | J12: =E12+G12-I12
G13: =E13*F13 | I13: =E13*H13 | J13: =E13+G13-I13
G14: =E14*F14 | I14: =E14*H14 | J14: =E14+G14-I14
... G201: =E201*F201 | I201: =E201*H201 | J201: =E201+G201-I201

Sheet Gastos
A1: Fecha | B1: Proveedor | C1: Concepto | D1: Categoría | E1: Base imponible (€) | F1: % IVA | G1: IVA (€) | H1: Total (€)
A2: 46042 | B2: Proveedor de ejemplo | C2: Licencia de software | D2: Software | E2: 50 | F2: 0.21 | G2: =E2*F2 | H2: =E2+G2
G3: =E3*F3 | H3: =E3+G3
G4: =E4*F4 | H4: =E4+G4
G5: =E5*F5 | H5: =E5+G5
G6: =E6*F6 | H6: =E6+G6
G7: =E7*F7 | H7: =E7+G7
G8: =E8*F8 | H8: =E8+G8
G9: =E9*F9 | H9: =E9+G9
G10: =E10*F10 | H10: =E10+G10
G11: =E11*F11 | H11: =E11+G11
G12: =E12*F12 | H12: =E12+G12
G13: =E13*F13 | H13: =E13+G13
G14: =E14*F14 | H14: =E14+G14
... G201: =E201*F201 | H201: =E201+G201

Sheet Resumen
A1: Resumen por trimestre
A2: Año | B2: 2026 | C2: ← Escribe aquí el año que quieres ver
A4: Concepto | B4: 1T (ene-mar) | C4: 2T (abr-jun) | D4: 3T (jul-sep) | E4: 4T (oct-dic) | F4: Total año
A5: Ingresos (base imponible) | B5: =SUMPRODUCT((YEAR(Ingresos!$A$2:$A$201)=$B$2)*(ROUNDUP(MONTH(Ingresos!$A$2:$A$201)/3,0)=1)*Ingresos!$E$2:$E$201) | C5: =SUMPRODUCT((YEAR(Ingresos!$A$2:$A$201)=$B$2)*(ROUNDUP(MONTH(Ingresos!$A$2:$A$201)/3,0)=2)*Ingresos!$E$2:$E$201) | D5: =SUMPRODUCT((YEAR(Ingresos!$A$2:$A$201)=$B$2)*(ROUNDUP(MONTH(Ingresos!$A$2:$A$201)/3,0)=3)*Ingresos!$E$2:$E$201) | E5: =SUMPRODUCT((YEAR(Ingresos!$A$2:$A$201)=$B$2)*(ROUNDUP(MONTH(Ingresos!$A$2:$A$201)/3,0)=4)*Ingresos!$E$2:$E$201) | F5: =SUM(B5:E5)
A6: IVA repercutido | B6: =SUMPRODUCT((YEAR(Ingresos!$A$2:$A$201)=$B$2)*(ROUNDUP(MONTH(Ingresos!$A$2:$A$201)/3,0)=1)*Ingresos!$G$2:$G$201) | C6: =SUMPRODUCT((YEAR(Ingresos!$A$2:$A$201)=$B$2)*(ROUNDUP(MONTH(Ingresos!$A$2:$A$201)/3,0)=2)*Ingresos!$G$2:$G$201) | D6: =SUMPRODUCT((YEAR(Ingresos!$A$2:$A$201)=$B$2)*(ROUNDUP(MONTH(Ingresos!$A$2:$A$201)/3,0)=3)*Ingresos!$G$2:$G$201) | E6: =SUMPRODUCT((YEAR(Ingresos!$A$2:$A$201)=$B$2)*(ROUNDUP(MONTH(Ingresos!$A$2:$A$201)/3,0)=4)*Ingresos!$G$2:$G$201) | F6: =SUM(B6:E6)
A7: Retenciones que te han practicado | B7: =SUMPRODUCT((YEAR(Ingresos!$A$2:$A$201)=$B$2)*(ROUNDUP(MONTH(Ingresos!$A$2:$A$201)/3,0)=1)*Ingresos!$I$2:$I$201) | C7: =SUMPRODUCT((YEAR(Ingresos!$A$2:$A$201)=$B$2)*(ROUNDUP(MONTH(Ingresos!$A$2:$A$201)/3,0)=2)*Ingresos!$I$2:$I$201) | D7: =SUMPRODUCT((YEAR(Ingresos!$A$2:$A$201)=$B$2)*(ROUNDUP(MONTH(Ingresos!$A$2:$A$201)/3,0)=3)*Ingresos!$I$2:$I$201) | E7: =SUMPRODUCT((YEAR(Ingresos!$A$2:$A$201)=$B$2)*(ROUNDUP(MONTH(Ingresos!$A$2:$A$201)/3,0)=4)*Ingresos!$I$2:$I$201) | F7: =SUM(B7:E7)
A8: Gastos (base imponible) | B8: =SUMPRODUCT((YEAR(Gastos!$A$2:$A$201)=$B$2)*(ROUNDUP(MONTH(Gastos!$A$2:$A$201)/3,0)=1)*Gastos!$E$2:$E$201) | C8: =SUMPRODUCT((YEAR(Gastos!$A$2:$A$201)=$B$2)*(ROUNDUP(MONTH(Gastos!$A$2:$A$201)/3,0)=2)*Gastos!$E$2:$E$201) | D8: =SUMPRODUCT((YEAR(Gastos!$A$2:$A$201)=$B$2)*(ROUNDUP(MONTH(Gastos!$A$2:$A$201)/3,0)=3)*Gastos!$E$2:$E$201) | E8: =SUMPRODUCT((YEAR(Gastos!$A$2:$A$201)=$B$2)*(ROUNDUP(MONTH(Gastos!$A$2:$A$201)/3,0)=4)*Gastos!$E$2:$E$201) | F8: =SUM(B8:E8)
A9: IVA soportado | B9: =SUMPRODUCT((YEAR(Gastos!$A$2:$A$201)=$B$2)*(ROUNDUP(MONTH(Gastos!$A$2:$A$201)/3,0)=1)*Gastos!$G$2:$G$201) | C9: =SUMPRODUCT((YEAR(Gastos!$A$2:$A$201)=$B$2)*(ROUNDUP(MONTH(Gastos!$A$2:$A$201)/3,0)=2)*Gastos!$G$2:$G$201) | D9: =SUMPRODUCT((YEAR(Gastos!$A$2:$A$201)=$B$2)*(ROUNDUP(MONTH(Gastos!$A$2:$A$201)/3,0)=3)*Gastos!$G$2:$G$201) | E9: =SUMPRODUCT((YEAR(Gastos!$A$2:$A$201)=$B$2)*(ROUNDUP(MONTH(Gastos!$A$2:$A$201)/3,0)=4)*Gastos!$G$2:$G$201) | F9: =SUM(B9:E9)
A10: Resultado (ingresos − gastos) | B10: =B5-B8 | C10: =C5-C8 | D10: =D5-D8 | E10: =E5-E8 | F10: =F5-F8
A11: IVA estimado del trimestre (repercutido − soportado) | B11: =B6-B9 | C11: =C6-C9 | D11: =D6-D9 | E11: =E6-E9 | F11: =F6-F9
A13: El IVA estimado suma todo el IVA de la hoja Gastos. Revisa qué parte es deducible antes de presentar tu declaración.
A14: Facturas pendientes de cobro (total con IVA, menos retención) | B14: =SUMIF(Ingresos!$K$2:$K$201,"No",Ingresos!$J$2:$J$201)
